 Dungeon Crawl Stone Soup version 0.22-a0-469-gf26638a71f (webtiles) character file.

63 Dradeus the Chiller (level 3, 0/19 HPs)
             Began as a Deep Elf Ice Elementalist on June 13, 2018.
             Slain by levstk's ghost (7 damage)
             ... on level 3 of the Dungeon.
             The game lasted 00:14:32 (3070 turns).

Dradeus the Chiller (Deep Elf Ice Elementalist)     Turns: 3070, Time: 00:14:33

Health: 0/19       AC:  3    Str:  5    XL:     3   Next: 87%
Magic:  4/10       EV: 13    Int: 20    God:
Gold:   52         SH:  0    Dex: 15    Spells: 4/10 levels left

rFire    . . .     SeeInvis .   s - +0 short sword
rCold    . . .     Gourm    .   (no shield)
rNeg     . . .     Faith    .   a - +0 robe
rPois    .         Spirit   .   (no helmet)
rElec    .         Reflect  .   (no cloak)
rCorr    .         Harm     .   w - +0 pair of gloves
MR       .....                  (no boots)
Stlth    ++........             (no amulet)
HPRegen  0.06/turn              (no ring)
MPRegen  0.12/turn              (no ring)

@: no status effects
A: no striking features
a: no special abilities


You were on level 3 of the Dungeon.
You were not hungry.

You visited 1 branch of the dungeon, and saw 3 of its levels.

You collected 52 gold pieces.

Inventory:

Hand Weapons
 b - a +0 hunting sling
 e - a +0 hunting sling
 f - a +0 short sword
 j - a +0 club
 m - a +0 dagger
 n - a +0 flail
 p - a +0 dagger
 r - a +0 hand axe
 s - a +0 short sword (weapon)
Missiles
 d - 46 poisoned needles
 h - 15 bolts
 q - 9 javelins (quivered)
Armour
 a - a +0 robe (worn)
 k - a +0 ring mail
 u - a +0 ring mail
 w - a +0 pair of gloves (worn)
Wands
 o - a wand of acid (8)
Scrolls
 g - 2 scrolls of remove curse {unknown}
 i - 3 scrolls of amnesia {unknown}
 t - 2 scrolls of identify {unknown}
 x - a scroll of noise {unknown}
Potions
 l - a potion of invisibility {unknown}
Comestibles
 c - 2 rations


   Skills:
 + Level 2.9 Dodging
 - Level 2.4 Stealth
 + Level 4.2 Spellcasting
 + Level 1.1 Conjurations
 * Level 4.4 Ice Magic


You had 4 spell levels left.
You knew the following spells:

 Your Spells              Type           Power        Failure   Level  Hunger
a - Freeze                Ice            ###.         1%          1    None
b - Ozocubu's Armour      Chrm/Ice       ##......     16%         3    ###....
c - Throw Frost           Conj/Ice       ###...       6%          2    #......

Your spell library contained the following spells:

 Spells                   Type           Power        Failure   Level  Hunger
 Summon Ice Beast         Ice/Summ       ##......     45%         4    ####...
 Throw Icicle             Conj/Ice       ###.....     36%         4    ####...


Dungeon Overview and Level Annotations

Branches:
Dungeon (3/15)

Altars:

Annotations:
D:3 levstk's ghost, amateur DrTm


Message History

You freeze levstk's ghost.
Levstk's ghost is heavily damaged.
Levstk's ghost closely misses you.
Casting: Freeze (safe; 1% risk of failure)
Confirm with . or Enter, or press ? or * to list all spells.
Aiming: Freeze (safe; 1% risk of failure)
Press: ? - help, Shift-Dir - straight line, f/p - levstk's ghost
Aim: levstk's ghost (heavily damaged)
You freeze levstk's ghost.
Levstk's ghost is severely damaged.
Levstk's ghost barely misses you.
Casting: Freeze (safe; 1% risk of failure)
Confirm with . or Enter, or press ? or * to list all spells.
Aiming: Freeze (safe; 1% risk of failure)
Press: ? - help, Shift-Dir - straight line, f/p - levstk's ghost
Aim: levstk's ghost (severely damaged)
You freeze levstk's ghost.
Levstk's ghost is almost destroyed.
Levstk's ghost hits you!
You die...

# #.##
####....#
#W.......
#@# #.#
..# ....
#.#.#
#....
#####


You could see levstk's ghost.

Vanquished Creatures
  3 adders (D:2)
  A worm (D:2)
  2 dart slugs
  A ball python (D:1)
  A giant cockroach (D:1)
  4 goblins
  A hobgoblin (D:2)
  8 jackals
  A bat (D:2)
  4 kobolds
  2 rats (D:2)
28 creatures vanquished.

Notes
Turn   | Place    | Note
-------+----------+-------------------------------------------
     0 | D:1      | Dradeus the Deep Elf Ice Elementalist began the quest for the Orb.
     0 | D:1      | Reached XP level 1. HP: 10/10 MP: 6/6
   575 | D:1      | Reached XP level 2. HP: 6/15 MP: 0/8
  1822 | D:2      | Reached XP level 3. HP: 19/19 MP: 6/10
  1861 | D:2      | Learned a level 3 spell: Ozocubu's Armour
  1864 | D:2      | Learned a level 2 spell: Throw Frost
  2979 | D:3      | Noticed levstk's ghost (amateur DrTm)
  3070 | D:3      | Slain by levstk's ghost

Vault maps used:
D:1:      roderic_crossed_star, minmay_misc_feat_tower
D:3:      serial_bayou_pond_a

Skill      XL: |  1  2  3 |
---------------+----------+-----
Ice Magic      | 4 |  4.4
Spellcasting   | 4 |  4.2
Dodging        | |  2.9
Stealth        | |  2.4
Conjurations   | |  1.1

Action                   || total
-------------------------++-------
Melee: Short sword       ||     4
 Cast: Freeze            ||    51
       Throw Frost       ||    16
Evoke: Wand              ||     1
  Use: Potion            ||     2
  Eat: Chunk             ||     3
       Ration            ||     1
Armor: Robe              ||    10
Dodge: Dodged            ||    35

Table legend:
 A = Spawn XP
 B = Non-spawn XP
 C = Spawn XP percentage of total XP
 D = Spawn monster count
 E = Non-spawn monster count
 F = Spawn count percentage of total count
 G = Total turns spent on level
                    A         B        C        D         E        F      G
               +---------+---------+-------+---------+---------+-------+---------
         Total |       0 |      90 |   0.0 |       0 |      28 |   0.0 |  3070
               +---------+---------+-------+---------+---------+-------+---------
           D:1 |       0 |      23 |   0.0 |       0 |      12 |   0.0 |  1472
           D:2 |       0 |      67 |   0.0 |       0 |      16 |   0.0 |  1584
               +---------+---------+-------+---------+---------+-------+---------
